AoeStats
← JoseTezcaltlipoca

Four Lakes

503258317Analyzed
2v2 RM · 2mo ago on Aug 30, 2026· 23m 2s· 4 players
Game mode
Random Map
Map size
Medium (4 player)
Population
200
Speed
Normal
Resources
Standard
Victory
Conquest
Starting age
Dark Age
Ending age
Imperial Age
RankedLock teamsTeams togetherTeam positionsShared explorationLock speedFull tech treeHidden civsTurbo modeCheats
Victory
Defeat
🇲🇽 Lithuanians · Mexico
1041
+16
🇲🇽 Lithuanians · Mexico
1041
+16
vs
🇻🇪 Spanish · Venezuela
1069
-17
🇺🇸 Malay · United States
1018
-15
CASTORJHON
1:16 Loom
9:57 Feudal Age
10:26 Double-Bit Axe
16:48 Castle Age
15:55 Fletching
16:40 Padded Archer Armor
17:36 Forging
17:15 Elite Skirmisher
17:52 Bodkin Arrow
19:08 Bow Saw
21:21 Wheelbarrow
23:01 Leather Archer Armor
JoseTezcaltlipoca
0:27 Loom
13:11 Feudal Age
18:35 Castle Age
16:25 Man-at-Arms
17:36 Double-Bit Axe
19:31 Town Watch
19:58 Long Swordsman
22:33 Bow Saw
67676767676767676767676767676767
0:28 Loom
12:01 Feudal Age
17:28 Castle Age
17:23 Squires
18:45 Forging
18:22 Arson
Sdts91
4:21 Loom
12:30 Feudal Age
13:22 Horse Collar
13:34 Double-Bit Axe
18:20 Stone Mining
18:31 Town Watch
19:49 Wheelbarrow
23:25 Castle Age
Connection lost

Rejoining the realm…

Still unreachable

The connection could not be restored.

Session expired

The server has moved on; the page needs a fresh start.